 Dungeon Crawl Stone Soup version 0.29-a0-275-g389c0b56f3 (webtiles) character file.

Game seed: 1542650075857316052

89 tilp the Grave Robber (level 4, -2/35 HPs)
             Began as a Demonspawn Necromancer on Mar 9, 2022.
             Succumbed to a kobold's poison
             ... on level 2 of the Dungeon.
             The game lasted 00:02:54 (3039 turns).

tilp the Grave Robber (Demonspawn Necromancer)      Turns: 3039, Time: 00:02:54

Health: -2/35      AC: 16    Str: 11    XL:     4   Next: 31%
Magic:  7/7        EV:  9    Int: 16    God:
Gold:   71         SH:  0    Dex: 13    Spells: 6/7 levels left

rFire   . . .      SeeInvis .   a - +0 dagger (drain)
rCold   . . .      Faith    .   (no shield)
rNeg    . . .      Spirit   .   f - +0 scale mail
rPois   .          Reflect  .   d - +0 helmet
rElec   .          Harm     .   (no cloak)
rCorr   .          Rampage  .   (no gloves)
Will    .....                   (no boots)
Stlth   +.........              (no amulet)
HPRegen 0.11/turn               (no ring)
MPRegen 0.10/turn               (no ring)

@: lethally poisoned (-2 -> -23), sanguine armoured
A: claws 1, sanguine armour 2
a: no special abilities


You were on level 2 of the Dungeon.
You visited 1 branch of the dungeon, and saw 2 of its levels.

You collected 71 gold pieces.

Inventory:

Hand Weapons
 a - a +0 dagger of draining (weapon)
Missiles
 e - 79 stones (quivered)
 j - 4 javelins
Armour
 d - a +0 helmet (worn)
 f - a +0 scale mail (worn)
Scrolls
 k - a scroll of blinking {unknown}
 l - a scroll of identify {unknown}
 n - a scroll of torment {unknown}
Potions
 b - a potion of magic
 c - 3 potions of flight {unknown}
 g - a potion of lignification {unknown}
 h - a potion of attraction {unknown}
 i - a potion of mutation {unknown}
 m - a potion of heal wounds {unknown}
 o - a potion of degeneration {unknown}


   Skills:
 + Level 3.4 Fighting
 + Level 1.1 Throwing
 - Level 2.0 Dodging
 - Level 2.0 Stealth
 - Level 2.0 Spellcasting
 - Level 4.3 Necromancy


You had 6 spell levels left.
You knew the following spells:

 Your Spells              Type           Power      Damage    Failure   Level
a - Pain                  Necr           60%        1d7       22%         1

Your spell library contained the following spells:

 Spells                   Type           Power      Damage    Failure   Level
 Animate Skeleton         Necr           30%        N/A       22%         1
 Vampiric Draining        Necr           15%        2d7       54%         3
 Animate Dead             Necr           7%         N/A       91%         4
 Agony                    Necr           15%        N/A       99%         5


Dungeon Overview and Level Annotations

Branches:
Dungeon (2/15)

Altars:


Innate Abilities, Weirdness & Mutations

You have sharp fingernails.
When seriously injured, your blood forms thick armour. (AC +9)


Message History

The hobgoblin hits you but does no damage.
The kobold hits you but does no damage.
Unknown command.
You hit the hobgoblin.
You kill the hobgoblin!
The kobold hits you with a +2 short sword of venom.
You are poisoned.
The kobold barely misses you.
Unknown command.
You hit the kobold but do no damage.
You feel very sick. The kobold barely misses you.
The kobold hits you with a +0 short sword.
You hit the kobold.
The kobold is heavily wounded.
You feel sick. The kobold hits you but does no damage. The kobold misses you.
Unknown command.
You completely miss the kobold.
You feel sick.
The kobold hits you with a +2 short sword of venom.
Your blood congeals into armour.
You are more poisoned.
The kobold hits you but does no damage.
You barely miss the kobold. Your claw misses the kobold.
You feel very sick.
The kobold hits you with a +2 short sword of venom.
You are lethally poisoned!
The kobold hits you but does no damage.
Unknown command.
You hit the kobold.
The kobold is moderately wounded.
* * * LOW HITPOINT WARNING * * *
You feel very sick.
The kobold hits you with a +2 short sword of venom.
* * * LOW HITPOINT WARNING * * *
You are more poisoned.
The kobold closely misses you.
* * * LOW HITPOINT WARNING * * *
You feel very sick. The kobold attacks as you move away!
The kobold hits you but does no damage.
You die...

####....#.....# #
#....#.....####
####....#........#
...#....#........#
##.#....#........#
#.#....#####....########
#.#.............'.......
#.###'#####...†.#######..
#.##......+....@.K.......
#.##..#####..<###K.####.
#.##..# #..##..†....#
#.##..# #.##..⌠...⌠..#
#.##..# ###...........#
#.##..# #.....⌠.....#
#.##..# #..<.....>..# #.#
#.....⌠.....# #.#
#...........#


You could see 2 kobolds.

Vanquished Creatures
  2 adders (D:2)
  A worm (D:2)
  A dart slug (D:1)
  6 endoplasms
  2 giant cockroaches (D:1)
  5 goblins
  8 hobgoblins
  6 jackals
  3 kobolds
  2 quokkas (D:1)
  7 ball pythons
  6 bats
  4 frilled lizards
  7 rats
60 creatures vanquished.

Notes
Turn   | Place    | Note
-------+----------+-------------------------------------------
     0 | D:1      | tilp the Demonspawn Necromancer began the quest for the
                  | Orb.
     0 | D:1      | Reached XP level 1. HP: 13/13 MP: 3/3
   280 | D:1      | Reached skill level 1 in Fighting
   549 | D:1      | Gained mutation: When seriously injured, your blood forms
                  | armour. (AC +9) [demonic ancestry]
   549 | D:1      | Reached XP level 2. HP: 18/22 MP: 0/5
  1182 | D:1      | Gained mutation: You have sharp fingernails. [demonic
                  | ancestry]
  1182 | D:1      | Reached XP level 3. HP: 23/28 MP: 6/6
  2140 | D:2      | Gained mutation: When seriously injured, your blood forms
                  | thick armour. (AC +9) [demonic ancestry]
  2140 | D:2      | Reached XP level 4. HP: 3/35 MP: 7/7
  2647 | D:2      | Reached skill level 1 in Throwing
  3039 | D:2      | Succumbed to a kobold's poison

Illustrated notes

Levels and vault maps discovered:
D:1:      arrival_zaba_pyramid, layout_basic, st_stairs_8
D:2:      layout_basic, grunt_ministairs_10, minmay_octomino_c4

Skill      XL: |  1  2  3  4 |
---------------+-------------+-----
Fighting       | 1 2 3 |  3.4
Stealth        | 2 |  2.0
Dodging        | 2 |  2.0
Throwing       | 1 |  1.1
Spellcasting   | |  2.0
Necromancy     | |  4.3

Action                   |  1- 3 |  4- 6 || total
-------------------------+-------+-------++-------
Melee: Short sword       |     3 |       ||     3
       Unarmed           |     3 |       ||     3
       Dagger            |   100 |    80 ||   180
       Punch             |       |     2 ||     2
Throw: Stone             |     2 |       ||     2
 Cast: Pain              |    13 |       ||    13
  Use: Scroll            |     1 |       ||     1
Armor: Scale mail        |    67 |    41 ||   108
       Robe              |     1 |       ||     1
Dodge: Dodged            |    54 |    40 ||    94

Table legend: (Time is in decaauts)
 A = Elapsed time spent in this place.
 B = Non-inter-level travel time spent in this place.
 C = Inter-level travel time spent in this place.
 D = Time resting spent in this place.
 E = Time spent auto-exploring this place.
 F = Levels seen in this place.
 G = Mean time per level.
                   A        B        C        D        E       F      G
               +--------+--------+--------+--------+--------+-----+--------+
         Total |   3039 |   2973 |     66 |    381 |   2194 |   2 | 1519.5 |
       Dungeon |   3039 |   2973 |     66 |    381 |   2194 |   2 | 1519.5 |
               +--------+--------+--------+--------+--------+-----+--------+

Top non-repeatable levels by time:
     D:1: 1838 daAuts
     D:2: 1200 daAuts
